 Dungeon Crawl Stone Soup version 0.24.0-123-gd5b16e6ec5 (webtiles) character file.

Game seed: 7526715822041144533, levelgen mode: deterministic

177 Elellon the Chopper (level 5, -1/46 HPs)
             Began as a Deep Dwarf Fighter on Jan 14, 2020.
             Was a Believer of Makhleb.
             Slain by an iguana (11 damage)
             ... on level 4 of the Dungeon.
             The game lasted 00:05:35 (2840 turns).

Elellon the Chopper (Deep Dwarf Fighter)            Turns: 2840, Time: 00:05:36

Health: -1/46      AC:  6    Str: 20    XL:     5   Next: 31%
Magic:  5/5        EV:  7    Int:  9    God:    Makhleb [**....]
Gold:   186        SH:  9    Dex: 12    Spells: 4/4 levels left

rFire    . . .     SeeInvis .   a - +0 war axe
rCold    . . .     Gourm    .   c - +0 shield
rNeg     . . .     Faith    .   b - +0 scale mail
rPois    .         Spirit   .   (no helmet)
rElec    .         Reflect  .   (no cloak)
rCorr    .         Harm     .   (no gloves)
MR       .....                  (no boots)
Stlth    ..........             (no amulet)
HPRegen  0.00/turn              (no ring)
MPRegen  0.09/turn              (no ring)

@: non-regenerating
A: damage resistance, heal wounds, sense surroundings 1, no regeneration
a: Heal Wounds, Minor Destruction, Renounce Religion


You were on level 4 of the Dungeon.
You worshipped Makhleb.
Makhleb was pleased with you.
You were not hungry.

You visited 2 branches of the dungeon, and saw 5 of its levels.

You collected 186 gold pieces.

Inventory:

Hand Weapons
 a - a +0 war axe (weapon)
Armour
 b - a +0 scale mail (worn)
 c - a +0 shield (worn)
Jewellery
 h - a cursed ring of attention {unknown}
 k - an uncursed ring of poison resistance {unknown}
 t - a cursed ring of teleportation {unknown}
 x - a cursed ring of teleportation {unknown}
 y - an uncursed amulet of guardian spirit {unknown}
Scrolls
 e - 3 scrolls of remove curse {unknown}
 g - a scroll of enchant armour {unknown}
 j - 2 scrolls of noise {unknown}
 o - a scroll of amnesia {unknown}
 p - a scroll of fear {unknown}
 q - 2 scrolls of teleportation {unknown}
 s - 5 scrolls of identify {unknown}
 w - 3 scrolls of fog {unknown}
Potions
 d - a potion of might
 i - a potion of heal wounds {unknown}
 l - 2 potions of resistance {unknown}
 m - a potion of mutation {unknown}
 n - a potion of cancellation {unknown}
 u - 2 potions of curing {unknown}
 v - a potion of degeneration {unknown}
 z - a potion of magic {unknown}
Comestibles
 f - 5 rations
 r - 2 chunks of flesh


   Skills:
 - Level 2.6 Fighting
 + Level 6.2 Axes
 - Level 3.2 Armour
 - Level 3.2 Shields


You had 4 spell levels left.
You didn't know any spells.
Your spell library was empty.

Dungeon Overview and Level Annotations

Branches:
Dungeon (4/15)             Temple (1/1) D:4

Altars:
Cheibriados
Dithmenos
Elyvilon
Gozag
Hepliaklqana
Kikubaaqudgha
Makhleb
Okawaru
Ru
Sif Muna
Trog
Uskayaw
Vehumet
Wu Jian
Xom
Zin
The Shining One


Innate Abilities, Weirdness & Mutations

You are resistant to damage.
You can heal yourself by infusing magical energy.
You passively map a small area around you.
You do not regenerate.


Message History

You closely miss the iguana.
The iguana is lightly wounded.
The iguana bites you but does no damage.
You fail to use your ability.
The iguana bites you but does no damage.
You feel much better. The iguana completely misses you.
You slash the iguana!
The iguana is heavily wounded.
You block the iguana's attack.
You closely miss the iguana.
The iguana is heavily wounded.
The iguana bites you! The iguana bites you.
You hit the iguana.
The iguana is almost dead.
The iguana bites you!
* * * LOW HITPOINT WARNING * * *
You hit the iguana but do no damage.
The iguana is almost dead.
The iguana bites you!
You die...

, * #.# **, ,
##############.#
*
#<...........#.#
* * *
############.#.#
* * #.#.# #.#.#
* , , #.#l# * *
#.#@###### ,
#.#......# *
#.#.####.# #.#.#
#.# * #.### #.#
#.######.#
#........#
########.# ###


You could see an iguana.

Vanquished Creatures
  Robin (D:2)
  6 adders
  An ooze (D:3)
  4 worms (D:2)
  3 leopard geckos (D:2)
  7 bats
  5 giant cockroaches
  19 goblins
  13 hobgoblins
  6 jackals
  9 kobolds
  A quokka (D:2)
  A ball python (D:2)
  3 frilled lizards
  9 rats
88 creatures vanquished.

Notes
Turn   | Place    | Note
-------+----------+-------------------------------------------
     0 | D:1      | Elellon the Deep Dwarf Fighter began the quest for the Orb.
     0 | D:1      | Reached XP level 1. HP: 20/20 MP: 1/1
   399 | D:1      | Reached skill level 3 in Axes
   411 | D:1      | Reached XP level 2. HP: 24/27 MP: 2/2
   879 | D:2      | Reached XP level 3. HP: 26/33 MP: 3/3
   912 | D:2      | Reached skill level 4 in Axes
   945 | D:2      | You fall into a shaft and drop 2 floors!
   945 | D:4      | Found a staircase to the Ecumenical Temple.
   949 | Temple   | Entered the Ecumenical Temple
  1180 | Temple   | Became a worshipper of Makhleb the Destroyer
  1334 | D:2      | Noticed Robin
  1345 | D:2      | Killed Robin
  1347 | D:2      | Reached XP level 4. HP: 24/40 MP: 4/4
  1383 | D:2      | Reached skill level 5 in Axes
  1560 | D:2      | Reached * piety under Makhleb
  2168 | D:3      | Reached XP level 5. HP: 11/46 MP: 5/5
  2426 | D:3      | Reached ** piety under Makhleb
  2426 | D:3      | Reached skill level 6 in Axes
  2588 | D:3      | Found a glowing silver altar of Zin.
  2591 | D:3      | Found an ornate altar of the Wu Jian Council.
  2594 | D:3      | Found an ancient bone altar of Kikubaaqudgha.
  2840 | D:4      | Slain by an iguana

Levels and vault maps discovered:
D:1:      shiori_shiawase, layout_basic
D:2:      kennysheep_six_static_rooms, layout_loops_ring, first_ration,
          uniq_robin
D:3:      layout_loops_ring, grunt_temple_overflow_diamond
D:4:      layout_basic, kennysheep_mini, gammafunk_temple_overflow_wave,
          minmay_temple_entry_grid
Temple:   eino_temple_water

Skill      XL: |  1  2  3  4  5 |
---------------+----------------+-----
Axes           | 3 4 5 6 |  6.2
Fighting       | |  2.6
Armour         | |  3.2
Shields        | |  3.2

Action                   |  1- 3 |  4- 6 || total
-------------------------+-------+-------++-------
Melee: War axe           |   109 |   187 ||   296
 Abil: Heal Wounds       |       |     1 ||     1
  Eat: Chunk             |     2 |     5 ||     7
Armor: Scale mail        |    41 |    82 ||   123
Dodge: Dodged            |    30 |    61 ||    91
Block: Shield            |    42 |    80 ||   122
